 Dungeon Crawl Stone Soup version 0.21.1-1-g345015f (webtiles) character file.

422 yevrey the Poker (level 6, -7/56 HPs)
             Began as a Minotaur Berserker on Mar 20, 2018.
             Was a Priest of Trog.
             Mangled by an ogre
             ... wielding a +0 giant club
              (19 damage)
             ... on level 4 of the Dungeon.
             The game lasted 00:11:44 (2716 turns).

yevrey the Poker (Minotaur Berserker)               Turns: 2716, Time: 00:11:44

Health: -7/56      AC: 13    Str: 21    XL:     6   Next: 63%
Magic:  5/5        EV:  4    Int:  4    God:    Trog [***...]
Gold:   194        SH:  7    Dex: 12    Spells: 5/5 levels left

rFire    . . .     SeeInvis .   a - +0 spear
rCold    . . .     Gourm    .   v - +0 shield
rNeg     . . .     Faith    .   e - +0 plate armour
rPois    .         Spirit   .   (helmet restricted)
rElec    .         Reflect  .   E - +0 cloak
rCorr    .         Harm     .   (no gloves)
MR       .....                  (no boots)
Stlth    ..........             (no amulet)
HPRegen  0.18/turn              (no ring)
MPRegen  0.09/turn              (no ring)

@: no status effects
A: retaliatory headbutt, horns 2
a: Berserk, Trog's Hand, Burn Spellbooks, Renounce Religion


You were on level 4 of the Dungeon.
You worshipped Trog.
Trog was most pleased with you.
You were not hungry.

You visited 1 branch of the dungeon, and saw 5 of its levels.

You collected 194 gold pieces.

Inventory:

Hand Weapons
 a - a +0 spear (weapon)
 f - a +3 quarterstaff of chaos
 h - a +0 hunting sling
 C - a +0 blowgun
 F - a cursed -2 dagger
Missiles
 b - 26 arrows
 i - 7 tomahawks
 s - 91 stones (quivered)
 D - 12 poisoned needles
Armour
 e - a +0 plate armour (worn)
 v - a +0 shield (worn)
 E - a +0 cloak (worn)
Jewellery
 k - an uncursed ring of fire {unknown}
 l - a cursed ring of teleportation {unknown}
 x - an uncursed ring of magical power {unknown}
Wands
 q - a wand of paralysis (14)
 z - a wand of random effects (29)
Scrolls
 g - 3 scrolls of remove curse {unknown}
 n - 2 scrolls of enchant weapon {unknown}
 r - a scroll of random uselessness {unknown}
 u - a scroll of magic mapping {unknown}
 w - 3 scrolls of identify {unknown}
 y - a scroll of teleportation {unknown}
 A - a scroll of blinking {unknown}
Potions
 d - a potion of flight {unknown}
 j - a potion of haste {unknown}
 m - 5 potions of might {unknown}
 o - a potion of mutation {unknown}
 p - a potion of berserk rage {unknown}
 t - a potion of curing {unknown}
 B - a potion of heal wounds {unknown}
Comestibles
 c - 11 rations
 G - 4 chunks of flesh


   Skills:
 + Level 5.5 Fighting
 + Level 6.3 Polearms
 * Level 4.3 Armour
 + Level 2.9 Dodging
 + Level 0.1 Shields
 + Level 2.0 Unarmed Combat


You had 5 spell levels left.
You didn't know any spells.

Dungeon Overview and Level Annotations

Branches:
Dungeon (5/15)
 Temple: D:4-7

Altars:
Fedhas

Annotations:
D:5 yevrey's ghost, novice DrTm


Innate Abilities, Weirdness & Mutations

You reflexively headbutt those who attack you in melee.
You have a pair of horns on your head.


Message History

The adder hisses angrily.
The ogre shouts!
You start resting.
You hit the ogre but do no damage. Your headbutt misses the ogre.
You hit the ogre. You headbutt the ogre.
The ogre is lightly wounded.
The ogre hits you with a giant club!
You puncture the ogre! You headbutt the ogre!
The ogre is almost dead.
The ogre hits you with a giant club!!
* * * LOW HITPOINT WARNING * * *
Okay, then.
You see here a giant club.
Items here: )) [[ รท a ring mail; a mace; a leather armour; a mace; an orc skeleton
Things that are here:
a flail; an orc skeleton You block the adder's attack.
Found a scroll labeled TEUMOBIXOA.
The ogre hits you with a giant club!!
You die...

#.............#
#...#..........# .
................### ..
...#.#.......[#...###.##
###....#................
#....####..............
..........##.##)..##...#
.#.......#.[.[### #.
#...@.#S#...##
##....O#...#)>##
.........S.####..#
...#[.......# ##.#######
.. #.....#.....#....#...
. #.....##....####...##
#.....# ....# #####
####### ..?.# ....#


You could see an ogre and an adder.

Vanquished Creatures
  A phantom (D:4)
  An ogre (D:4)
  An orc priest (D:4)
  2 orc wizards (D:4)
  Crazy Yiuf (D:3)
  Robin (D:3)
  3 adders
  An ooze (D:1)
  An adder skeleton (D:4)
  2 worms (D:2)
  4 dart slugs
  2 leopard geckos
  2 orcs (D:4)
  5 bats
  3 giant cockroaches
  21 goblins
  9 hobgoblins
  4 jackals (D:1)
  9 kobolds
  A ball python (D:4)
  8 frilled lizards (D:1)
  6 rats
88 creatures vanquished.

Notes
Turn   | Place    | Note
-------+----------+-------------------------------------------
     0 | D:1      | yevrey the Minotaur Berserker began the quest for the Orb.
     0 | D:1      | Reached XP level 1. HP: 19/19 MP: 0/0
    66 | D:1      | Reached XP level 2. HP: 21/27 MP: 1/1
   136 | D:1      | Reached skill level 4 in Polearms
   148 | D:1      | Reached skill level 1 in Unarmed Combat
   257 | D:1      | Reached XP level 3. HP: 15/33 MP: 2/2
   273 | D:1      | Reached ** piety under Trog
   692 | D:2      | Found a faded altar of an unknown god.
   820 | D:2      | Found a blossoming altar of Fedhas.
   864 | D:3      | Reached XP level 4. HP: 40/41 MP: 3/3
  1520 | D:4      | Reached *** piety under Trog
  1532 | D:4      | Reached skill level 5 in Polearms
  1583 | D:4      | Noticed an ogre
  1722 | D:3      | Noticed Robin
  1739 | D:3      | Reached XP level 5. HP: 38/47 MP: 4/4
  1754 | D:3      | Killed Robin
  2116 | D:3      | Found a runed door.
  2120 | D:3      | Noticed Crazy Yiuf
  2128 | D:3      | Killed Crazy Yiuf
  2363 | D:4      | Noticed an ogre
  2373 | D:4      | Killed an ogre
  2373 | D:4      | Reached skill level 5 in Fighting
  2373 | D:4      | Reached XP level 6. HP: 15/56 MP: 5/5
  2507 | D:4      | Reached skill level 6 in Polearms
  2661 | D:5      | Entered Level 5 of the Dungeon
  2663 | D:5      | Noticed yevrey's ghost (novice DrTm)
  2716 | D:4      | Mangled by an ogre

Skill      XL: |  1  2  3  4  5  6 |
---------------+-------------------+-----
Polearms       | 4 5 6 |  6.3
Fighting       | 4 5 |  5.5
Unarmed Combat | 1 2 |  2.0
Armour         | 3 4 |  4.3
Dodging        | |  2.9
Shields        | |  0.1

Action                   |  1- 3 |  4- 6 || total
-------------------------+-------+-------++-------
Melee: Spear             |   110 |   145 ||   255
       Headbutt          |    16 |    31 ||    47
       Punch             |     1 |       ||     1
  Eat: Chunk             |       |     6 ||     6
Armor: Animal skin       |    12 |       ||    12
       Plate armour      |       |    79 ||    79
Dodge: Dodged            |    55 |    32 ||    87
Block: Shield            |       |    17 ||    17
